 Dungeon Crawl Stone Soup version 0.26.0-7-g794d0892b4 (webtiles) character file.

Game seed: 14080379350893876902

330 jackrogers the Slasher (level 6, -1/46 HPs)
             Began as a Vampire Wanderer on Jan 12, 2021.
             Slain by an orc
             ... wielding a +0 war axe
              (3 damage)
             ... on level 4 of the Dungeon.
             The game lasted 00:04:10 (2306 turns).

jackrogers the Slasher (Vampire Wanderer)           Turns: 2306, Time: 00:04:11

Health: -1/46      AC:  5    Str: 12    XL:     6   Next: 26%
Magic:  6/6        EV: 11    Int: 15    God:
Gold:   163        SH:  4    Dex: 14    Spells: 5/5 levels left

rFire    . . .     SeeInvis +   a - +2 short sword
rCold    . . .     Faith    .   c - +0 buckler
rNeg     . . .     Spirit   .   d - +0 robe
rPois    .         Reflect  .   m - +0 helmet
rElec    .         Harm     .   e - +1 cloak
rCorr    .         Rampage  .   (no gloves)
Will     .....                  (no boots)
Stlth    +.........             (no amulet)
HPRegen  0.35/turn              (no ring)
MPRegen  0.10/turn              (no ring)

@: regenerating quickly
A: fangs 3, see invisible, unbreathing
a: Exsanguinate


You were on level 4 of the Dungeon.
You visited 1 branch of the dungeon, and saw 4 of its levels.

You collected 247 gold pieces.
You spent 84 gold pieces at shops.

Inventory:

Hand Weapons
 a - a +2 short sword (weapon)
 k - a +0 falchion
   (You bought it in a shop on level 4 of the Dungeon)
 n - a +0 rapier
   (You found it on level 2 of the Dungeon)
Armour
 c - a +0 buckler (worn)
 d - a +0 robe (worn)
 e - a +1 cloak (worn)
   (You found it on level 1 of the Dungeon)
 m - a +0 helmet (worn)
   (You found it on level 2 of the Dungeon)
Wands
 r - a wand of flame (25)
   (You found it on level 3 of the Dungeon)
Scrolls
 b - 6 scrolls of teleportation
 j - a scroll of immolation {!r}
 l - a scroll of fear {unknown}
Potions
 f - a potion of heal wounds {unknown}
 g - a potion of curing
 h - a potion of lignification {unknown}
 i - 2 potions of flight
 o - a potion of brilliance {unknown}
 p - a potion of attraction {!q}
 s - a potion of degeneration {!q}


   Skills:
 - Level 2.6 Fighting
 - Level 4.3(6.2) Short Blades
 + Level 6.3(6.8) Long Blades
 - Level 1.0 Throwing
 - Level 1.1 Dodging
 - Level 1.0 Shields


You had 5 spell levels left.
You didn't know any spells.
Your spell library was empty.

Dungeon Overview and Level Annotations

Branches:
Dungeon (4/15)
 Temple: D:4-7

Altars:

Shops:
D:4 (

Annotations:
D:4 3 runed translucent doors


Innate Abilities, Weirdness & Mutations

Your natural rate of healing is unusually fast.
You have razor-sharp teeth.
You have supernaturally acute eyesight. (SInv)
You can survive without breathing.


Message History

The orc wizard hits you with a +0 dagger.
The orc hits you with a +0 war axe.
Spoiler Alert: The orc wizard (fast) might cast Slow, Confuse, Throw Flame, or Throw Frost!
You are too injured to fight recklessly!
Spoiler Alert: The orc wizard (fast) might cast Slow, Confuse, Throw Flame, or Throw Frost!
You are too injured to fight recklessly!
Spoiler Alert: The orc wizard (fast) might cast Slow, Confuse, Throw Flame, or Throw Frost!
You are too injured to fight recklessly!
Spoiler Alert: The orc wizard (fast) might cast Slow, Confuse, Throw Flame, or Throw Frost!
You hit the orc wizard but do no damage.
The orc wizard barely misses you. The orc hits you but does no damage.
Spoiler Alert: The orc wizard (fast) might cast Slow, Confuse, Throw Flame, or Throw Frost!
You closely miss the orc wizard.
The orc wizard hits you with a +0 dagger.
You block the orc's attack. The orc hits you but does no damage.
The orc wizard hits you but does no damage.
Spoiler Alert: The orc wizard (fast) might cast Slow, Confuse, Throw Flame, or Throw Frost!
You closely miss the orc wizard. You block the orc's attack.
The orc wizard casts a spell at you.
You feel yourself slow down. The orc hits you but does no damage.
Spoiler Alert: The orc wizard (fast) might cast Slow, Confuse, Throw Flame, or Throw Frost!
You hit the orc wizard.
The orc wizard casts a spell.
The orc wizard blinks!
The orc hits you with a +0 dagger. The orc closely misses you.
Spoiler Alert: The orc wizard (fast) might cast Slow, Confuse, Throw Flame, or Throw Frost!
The orc barely misses you.
Spoiler Alert: The orc wizard (fast) might cast Slow, Confuse, Throw Flame, or Throw Frost!
You hit the orc.
Spoiler Alert: The orc wizard (fast) might cast Slow, Confuse, Throw Flame, or Throw Frost!
You hit the orc. The orc hits you with a +0 war axe.
The orc wizard closely misses you. The orc misses you.
The orc wizard closely misses you.
Spoiler Alert: The orc wizard (fast) might cast Slow, Confuse, Throw Flame, or Throw Frost!
You hit the orc.
You kill the orc!
The orc closely misses you. The orc wizard barely misses you.
Spoiler Alert: The orc wizard (fast) might cast Slow, Confuse, Throw Flame, or Throw Frost!
You hit the orc wizard. The orc wizard casts a spell at you.
The magic dart hits you!
* * * LOW HITPOINT WARNING * * *
The orc closely misses you. The orc wizard barely misses you.
Spoiler Alert: The orc wizard (fast) might cast Slow, Confuse, Throw Flame, or Throw Frost!
You completely miss the orc. The orc wizard closely misses you.
The orc closely misses you. You block the orc wizard's attack.
Spoiler Alert: The orc wizard (fast) might cast Slow, Confuse, Throw Flame, or Throw Frost!
You hit the orc but do no damage.
The orc wizard hits you but does no damage.
The orc hits you with a +0 war axe.
* * * LOW HITPOINT WARNING * * *
The orc wizard gestures at you while chanting.
The magic dart hits you.
* * * LOW HITPOINT WARNING * * *
The orc hits you with a +0 war axe.
* * * LOW HITPOINT WARNING * * *
Spoiler Alert: The orc wizard (fast) might cast Slow, Confuse, Throw Flame, or Throw Frost!
You feel better.
The orc wizard is no longer moving quickly.
The orc wizard misses you. The orc wizard barely misses you.
The orc hits you with a +0 war axe!
* * * LOW HITPOINT WARNING * * *
Spoiler Alert: The orc wizard might cast Slow, Confuse, Throw Flame, or Throw Frost!
You hit the orc but do no damage.
The orc wizard casts a spell.
The orc wizard blinks!
The orc barely misses you.
Spoiler Alert: The orc wizard might cast Slow, Confuse, Throw Flame, or Throw Frost!
You hit the orc. The orc hits you with a +0 war axe.
* * * LOW HITPOINT WARNING * * *
Spoiler Alert: The orc wizard might cast Slow, Confuse, Throw Flame, or Throw Frost!
You hit the orc but do no damage. You bite the orc, but do no damage.
You feel yourself speed up.
The orc wizard casts a spell.
The orc wizard seems to speed up.
The orc hits you but does no damage.
Spoiler Alert: The orc wizard (fast) might cast Slow, Confuse, Throw Flame, or Throw Frost!
Unknown command.
Spoiler Alert: The orc wizard (fast) might cast Slow, Confuse, Throw Flame, or Throw Frost!
You feel better.
Spoiler Alert: The orc wizard (fast) might cast Slow, Confuse, Throw Flame, or Throw Frost!
You barely miss the orc.
Spoiler Alert: The orc wizard (fast) might cast Slow, Confuse, Throw Flame, or Throw Frost!
You hit the orc wizard.
The orc wizard gestures wildly while chanting.
The orc wizard blinks!
The orc barely misses you.
Spoiler Alert: The orc wizard (fast) might cast Slow, Confuse, Throw Flame, or Throw Frost!
You hit the orc but do no damage. You bite the orc, but do no damage.
The orc wizard casts a spell at you. The magic dart hits you.
* * * LOW HITPOINT WARNING * * *
Spoiler Alert: The orc wizard (fast) might cast Slow, Confuse, Throw Flame, or Throw Frost!
You hit the orc.
The orc wizard mumbles some strange words.
The orc wizard blinks!
The orc hits you but does no damage.
Spoiler Alert: The orc wizard (fast) might cast Slow, Confuse, Throw Flame, or Throw Frost!
You barely miss the orc.
The orc wizard hits you but does no damage.
The orc hits you with a +0 war axe.
You die...

#............# #...†..
####........####......
##........#......#'#
#...(.....#..)...'∩+
#................#+#
#........##....<...#
#......(......#.####
#..o)............###
#..@o............#..
#........§.......#..
#..........†.....#..
##########.......+..
P#.......#..
...#.........)
...#.....##...
....+..#####.).
....+.. #...


You could see an orc wizard (fast) and an orc.

Vanquished Creatures
  An orc priest (D:4)
  An iguana (D:4)
  A worker ant (D:4)
  Natasha (twice) (D:3)
  4 gnolls (D:4)
  8 adders
  2 worms
  2 dart slugs (D:1)
  7 leopard geckos
  10 orcs
  A ball python (D:4)
  3 bats
  5 giant cockroaches
  8 goblins
  4 hobgoblins
  5 kobolds
  2 quokkas (D:4)
  4 frilled lizards
  9 rats
79 creatures vanquished.

Vanquished Creatures (others)
  51 plants (D:4)
51 creatures vanquished.

Grand Total: 130 creatures vanquished

Notes
Turn   | Place    | Note
-------+----------+-------------------------------------------
     0 | D:1      | jackrogers the Vampire Wanderer began the quest for the
                  | Orb.
     0 | D:1      | jackrogers set off with the following items: a +2 short
                  | sword, a scroll of teleportation, a +0 buckler, a +0 robe
     0 | D:1      | Reached XP level 1. HP: 17/17 MP: 1/1
    46 | D:1      | Reached skill level 1 in Long Blades
   175 | D:1      | Reached XP level 2. HP: 20/23 MP: 2/2
   222 | D:1      | Reached skill level 2 in Long Blades
   467 | D:1      | Reached XP level 3. HP: 27/28 MP: 3/3
   639 | D:2      | Reached skill level 3 in Long Blades
   755 | D:2      | You fall into a shaft and drop 2 floors!
   942 | D:3      | Reached XP level 4. HP: 34/34 MP: 4/4
  1137 | D:3      | Noticed Natasha
  1145 | D:3      | Killed Natasha
  1146 | D:3      | Reached skill level 4 in Long Blades
  1159 | D:3      | HP: 6/34 [adder (3)]
  1166 | D:3      | HP: 4/34 [poisoned by an adder]
  1456 | D:3      | Noticed Natasha
  1465 | D:3      | Killed Natasha
  1466 | D:3      | Reached XP level 5. HP: 27/39 MP: 5/5
  1538 | D:3      | Reached skill level 5 in Long Blades
  2008 | D:4      | HP: 6/39 [gnoll/+0 halberd (14)]
  2010 | D:4      | HP: 2/39 [gnoll/+0 halberd (4)]
  2022 | D:4      | HP: 6/39 [gnoll/+0 flail (10)]
  2128 | D:4      | Found a runed translucent gate.
  2128 | D:4      | Found a runed translucent gate.
  2130 | D:4      | Found a runed translucent gate.
  2134 | D:4      | Reached XP level 6. HP: 46/46 MP: 6/6
  2153 | D:4      | Reached skill level 6 in Long Blades
  2248 | D:4      | Found Xioto's Antique Weapon Shoppe.
  2251 | D:4      | Bought a falchion for 84 gold pieces
  2294 | D:4      | HP: 10/46 [orc wizard/magic dart (9)]
  2296 | D:4      | HP: 2/46 [orc wizard/magic dart (4)]
  2304 | D:4      | HP: 2/46 [orc wizard/magic dart (6)]
  2306 | D:4      | Slain by an orc

Illustrated notes

Levels and vault maps discovered:
D:1:      saegor_arrival_simple_e, layout_rooms, serial_forest,
          infiniplex_forest_straight_5, infiniplex_forest_clump_curved,
          infiniplex_forest_clump_diagonal, infiniplex_forest_lined_2,
          infiniplex_forest_straight_3, infiniplex_forest_lined_corner,
          infiniplex_forest_end_2, minmay_domino_4
D:2:      layout_basic
D:3:      layout_loops_cross, uniq_natasha
D:4:      wad_woods_stonehenge, layout_basic, serial_shops,
          nicolae_shop_behind_doors, gammafunk_ghost_cemetery

Skill      XL: |  1  2  3  4  5  6 |
---------------+-------------------+-----
Long Blades    | 1 2 3 4 5 6 |  6.3
Fighting       | |  2.6
Short Blades   | |  4.3
Throwing       | |  1.0
Dodging        | |  1.1
Shields        | |  1.0

Action                   |  1- 3 |  4- 6 || total
-------------------------+-------+-------++-------
Melee: Short sword       |    86 |   201 ||   287
       Bite              |     6 |    15 ||    21
  Use: Potion            |     2 |     4 ||     6
       Scroll            |       |     8 ||     8
 Stab: Sleeping          |       |     1 ||     1
Armor: Robe              |    10 |    27 ||    37
Dodge: Dodged            |    40 |    88 ||   128
Block: Buckler           |    13 |    36 ||    49

Table legend: (Time is in decaauts)
 A = Elapsed time spent in this place.
 B = Non-inter-level travel time spent in this place.
 C = Inter-level travel time spent in this place.
 D = Time resting spent in this place.
 E = Time spent auto-exploring this place.
 F = Levels seen in this place.
 G = Mean time per level.
                   A        B        C        D        E       F      G
               +--------+--------+--------+--------+--------+-----+--------+
         Total |   2247 |   2216 |     31 |    456 |   1262 |   4 |  561.8 |
       Dungeon |   2247 |   2216 |     31 |    456 |   1262 |   4 |  561.8 |
               +--------+--------+--------+--------+--------+-----+--------+

Top non-repeatable levels by time:
     D:3: 1031 daAuts
     D:1: 598 daAuts
     D:4: 469 daAuts
     D:2: 148 daAuts

Table legend:
 A = Kills in this place as a percentage of kills in entire the game.
 B = Kills by you in this place as a percentage of kills by you in the entire game.
 C = Kills by friends in this place as a percentage of kills by friends in the entire game.
 D = Other kills in this place as a percentage of other kills in the entire game.
 E = Experience gained in this place as a percentage of experience gained in the entire game.
 F = Experience gained in this place divided by the number of levels of this place that you have seen.
                   A       B       C       D       E      F
               +-------+-------+-------+-------+-------+----------------------
         Total | 100.0 | 100.0 |   N/A |   N/A | 100.0 | 118.0
       Dungeon | 100.0 | 100.0 |   N/A |   N/A | 100.0 | 118.0
               +-------+-------+-------+-------+-------+----------------------
